 Dungeon Crawl Stone Soup version 0.27-a0-412-g8dd771eca2 (webtiles) character file.

Game seed: 2510283374346908933

444 Morbidden the Covered (level 6, -8/49 HPs)
             Began as a Demonspawn Fighter on Feb 24, 2021.
             Was an Initiate of Vehumet.
             Mangled by an orc warrior
             ... wielding a +0 scimitar
              (16 damage)
             ... on level 6 of the Dungeon.
             The game lasted 00:06:34 (5520 turns).

Morbidden the Covered (Demonspawn Fighter)          Turns: 5520, Time: 00:06:35

Health: -8/49      AC: 11    Str: 16    XL:     6   Next: 72%
Magic:  6/6        EV: 10    Int: 11    God:    Vehumet [......]
Gold:   147        SH:  0    Dex: 13    Spells: 6/6 levels left

rFire    . . .     SeeInvis .     - Unarmed
rCold    . . .     Faith    .   (no shield)
rNeg     . . .     Spirit   .   l - +0 scale mail
rPois    .         Reflect  .   v - +0 helmet
rElec    .         Harm     .   o - +0 cloak
rCorr    .         Rampage  .   (no gloves)
Will     .....                  (no boots)
Stlth    ..........             (no amulet)
HPRegen  0.16/turn              (no ring)
MPRegen  0.20/turn              (no ring)

@: mighty
A: claws 1, icy blue scales 1, magic regeneration
a: Renounce Religion


You were on level 6 of the Dungeon.
You worshipped Vehumet.
Vehumet was noncommittal.
You visited 2 branches of the dungeon, and saw 5 of its levels.
You also visited: Sewer.

You collected 147 gold pieces.

Inventory:

Hand Weapons
 b - a +0 hunting sling
Missiles
 i - 13 sling bullets
 j - 11 javelins (quivered)
Armour
 l - a +0 scale mail (worn)
 o - a +0 cloak (worn)
 q - a +2 leather armour of cold resistance
 v - a +0 helmet (worn)
 w - the +3 robe of Sefigovo {rPois rN+ Int+3}
   (You found it on level 6 of the Dungeon)

   It affects your intelligence (+3).
   It protects you from poison.
   It protects you from negative energy.
Jewellery
 t - a ring of positive energy {unknown}
Wands
 r - a wand of charming (10)
Scrolls
 a - 4 scrolls of teleportation
 e - 3 scrolls of identify
 f - a scroll of magic mapping
 p - a scroll of fog
 s - a scroll of enchant weapon {unknown}
Potions
 c - 3 potions of degeneration {unknown}
 d - 3 potions of might
 g - 2 potions of curing
 h - a potion of brilliance {unknown}
 k - a potion of flight {unknown}
 m - 2 potions of magic {unknown}
 n - 2 potions of invisibility
 u - a potion of ambrosia {unknown}
 x - 2 potions of cancellation {unknown}


   Skills:
 * Level 4.3 Fighting
 + Level 1.8 Long Blades
 + Level 2.1 Slings
 + Level 4.3 Armour
 + Level 1.3 Dodging
 + Level 2.8 Shields
 + Level 2.7 Unarmed Combat
 * Level 0.5 Spellcasting


You had 6 spell levels left.
You didn't know any spells.
Your spell library contained the following spells:

 Spells                   Type           Power        Failure   Level
 Confusing Touch          Hex            0%           98%         3
 Gell's Gravitas          Tloc           0%           98%         3
 Petrify                  Tmut/Erth      0%           100%        4
 Metabolic Englaciation   Hex/Ice        0%           100%        5
 Yara's Violent Unravell  Hex/Tmut       0%           100%        5


Dungeon Overview and Level Annotations

Branches:
Dungeon (6/15)             Temple (1/1) D:6           Sewer (visited)

Altars:
Ashenzari
Dithmenos
Elyvilon
Hepliaklqana
Kikubaaqudgha
Makhleb
Nemelex Xobeh
Okawaru
Ru
Uskayaw
Vehumet
Wu Jian
Xom
Yredelemnul
Zin
The Shining One


Innate Abilities, Weirdness & Mutations

You have sharp fingernails.
You are partially covered in icy blue scales. (AC +2)
You regenerate magic rapidly.


Message History

You claw the orc warrior!
The orc warrior is severely wounded.
The bullfrog hits you but does no damage. x2
The orc warrior hits you with a +0 scimitar!
Unknown command.
You closely miss the orc warrior.
You claw the orc warrior, but do no damage.
The orc warrior is severely wounded.
The bullfrog hits you but does no damage.
You scratch the orc warrior but do no damage.
The orc warrior is severely wounded.
The bullfrog barely misses you.
The orc warrior hits you with a +0 scimitar.
The bullfrog hits you but does no damage.
Unknown command.
You closely miss the orc warrior.
The orc warrior is severely wounded.
The orc warrior hits you but does no damage.
The bullfrog barely misses you.
You barely miss the orc warrior.
The orc warrior is severely wounded.
The bullfrog hits you but does no damage.
The orc warrior hits you with a +0 scimitar.
* * * LOW HITPOINT WARNING * * *
You scratch the orc warrior.
The orc warrior is almost dead.
An orc wizard appears from thin air!
Reactivating autopickup.
The bullfrog hits you but does no damage.
The bullfrog hits you.
* * * LOW HITPOINT WARNING * * *
You scratch the orc warrior but do no damage.
The orc warrior is almost dead.
The orc warrior barely misses you. The bullfrog barely misses you.
Unknown command.
You scratch the orc warrior but do no damage.
The orc warrior is almost dead.
The bullfrog closely misses you.
The orc warrior hits you with a +0 scimitar!
You die...

###.......... #.......###
############## #.......#
.............#######.......#
......o.o..................###
........o.h..oo.(.............
#...#########o######....######
. #o# #....# #@## #....# #F.#
#....## ##.#####.....#
#...........# #....8.8.8..#
#.....⌠.⌠...# ##.>.8.>.8.##
........⌠.⌠..# ###....8.8.8.#


You could see an orc warrior, a bullfrog, an orc wizard and 2 orcs.

Vanquished Creatures
  A black bear (D:6)
  A bullfrog (D:6)
  A howler monkey (D:6)
  A jelly (D:6)
  An iguana (D:6)
  6 adders
  3 river rats (Sewer)
  An adder zombie (D:6)
  2 worms
  2 dart slugs (D:2)
  4 leopard geckos
  8 orcs (D:3)
  7 bats
  6 giant cockroaches
  8 goblins
  5 hobgoblins
  12 jackals (D:2)
  4 kobolds
  3 ball pythons
  16 frilled lizards
  18 rats
110 creatures vanquished.

Notes
Turn   | Place    | Note
-------+----------+-------------------------------------------
     0 | D:1      | Morbidden the Demonspawn Fighter began the quest for the
                  | Orb.
     0 | D:1      | Reached XP level 1. HP: 18/18 MP: 1/1
   210 | D:1      | Gained mutation: You have sharp fingernails. [demonic
                  | ancestry]
   210 | D:1      | Reached XP level 2. HP: 24/24 MP: 2/2
   993 | D:2      | Gained mutation: You regenerate magic rapidly. [demonic
                  | ancestry]
   993 | D:2      | Reached XP level 3. HP: 18/29 MP: 3/3
  2550 | D:2      | Reached XP level 4. HP: 37/37 MP: 4/4
  2613 | D:2      | Reached skill level 1 in Slings
  2942 | D:3      | Found a glowing drain.
  2946 | Sewer    | Entered a sewer
  3642 | Sewer    | Reached skill level 1 in Unarmed Combat
  3942 | D:3      | Reached XP level 5. HP: 31/42 MP: 5/5
  4296 | D:3      | Reached skill level 1 in Dodging
  4725 | D:3      | You fall into a shaft and drop 3 floors!
  4774 | D:6      | Gained mutation: You are partially covered in icy blue
                  | scales. (AC +2) [demonic ancestry]
  4774 | D:6      | Reached XP level 6. HP: 27/48 MP: 6/6
  5041 | D:6      | Got a fine robe
  5052 | D:6      | Identified the +3 robe of Sefigovo {rPois rN+ Int+3} (You
                  | found it on level 6 of the Dungeon)
  5221 | D:6      | Found a staircase to the Ecumenical Temple.
  5233 | Temple   | Entered the Ecumenical Temple
  5423 | Temple   | Became a worshipper of Vehumet
  5466 | D:6      | Noticed an orc warrior
  5520 | D:6      | Mangled by an orc warrior

Illustrated notes

Levels and vault maps discovered:
D:1:      wander_arrival_chamber, layout_loops_ring, serial_aquarium,
          aquarium_bridge_square [aquarium_subvault_wall,
          aquarium_subvault_bridge, aquarium_subvault_window,
          aquarium_subvault_bridge], aquarium_window_fake, aquarium_window_1,
          aquarium_window_3, aquarium_view_2d
D:2:      layout_rooms, minmay_pentomino_p4
D:3:      layout_loops_corners, gup_sewer_entry_spiral
D:6:      layout_basic, grunt_temple_overflow_open,
          minmay_temple_entry_statues_fountains
Temple:   regret_index_temple_sphere_string

Skill      XL: |  1  2  3  4  5  6 |
---------------+-------------------+-----
Armour         | 3 4 |  4.3
Slings         | 1 2 |  2.1
Unarmed Combat | 1 2 |  2.7
Dodging        | 1 |  1.3
Fighting       | 4 |  4.3
Long Blades    | |  1.8
Shields        | |  2.8
Spellcasting   | |  0.5

Action                   |  1- 3 |  4- 6 || total
-------------------------+-------+-------++-------
Melee: Long sword        |    13 |       ||    13
       Unarmed           |   170 |   366 ||   536
       Punch             |       |     5 ||     5
 Fire: Hunting sling     |    20 |    19 ||    39
Throw: Javelin           |       |     2 ||     2
  Use: Scroll            |       |     5 ||     5
       Potion            |       |     3 ||     3
Armor: Scale mail        |   112 |   199 ||   311
Dodge: Dodged            |   113 |   185 ||   298
Block: Kite shield       |     4 |       ||     4
       Rpst.: Long sword |     4 |       ||     4

Table legend: (Time is in decaauts)
 A = Elapsed time spent in this place.
 B = Non-inter-level travel time spent in this place.
 C = Inter-level travel time spent in this place.
 D = Time resting spent in this place.
 E = Time spent auto-exploring this place.
 F = Levels seen in this place.
 G = Mean time per level.
                   A        B        C        D        E       F      G
               +--------+--------+--------+--------+--------+-----+--------+
         Total |   5587 |   5428 |    159 |   1550 |   2723 |   6 |  931.2 |
       Dungeon |   4410 |   4291 |    119 |   1333 |   2051 |   4 | 1102.5 |
        Temple |    209 |    169 |     40 |      0 |    149 |   1 |  209.0 |
         Sewer |    967 |    967 |      0 |    217 |    523 |   1 |  967.0 |
               +--------+--------+--------+--------+--------+-----+--------+

Top non-repeatable levels by time:
     D:2: 1693 daAuts
     D:1: 1242 daAuts
   Sewer: 967 daAuts
     D:3: 892 daAuts
     D:6: 581 daAuts
  Temple: 209 daAuts
